 Dungeon Crawl Stone Soup version 0.24-a0-208-g17bec22d17 (webtiles) character file.

Game seed: 13205453289833780912

485 Redear the Covert (level 6, 0/25 HPs)
             Began as a Felid Enchanter on Mar 29, 2019.
             Was an Initiate of Cheibriados.
             Shot with an arrow by a centaur (2 damage)
             ... on level 5 of the Dungeon.
             The game lasted 00:36:05 (5960 turns).

Redear the Covert (Felid Enchanter)                 Turns: 5960, Time: 00:36:06

Health: 0/25       AC:  2    Str:  7    XL:     6   Next: 88%
Magic:  8/10       EV: 18    Int: 21    God:    Cheibriados [......]
Gold:   7          SH:  0    Dex: 17    Spells: 3/9 levels left
                                        Lives:  0   Deaths: 1

rFire    . . .     SeeInvis +     - Unarmed
rCold    . . .     Gourm    .   (shield unavailable)
rNeg     . . .     Faith    .   (armour unavailable)
rPois    .         Spirit   .   (helmet unavailable)
rElec    .         Reflect  .   (cloak unavailable)
rCorr    .         Harm     .   (gloves unavailable)
MR       .....                  (boots unavailable)
Stlth    +++++.....             (no amulet)
HPRegen  0.08/turn              v - ring of stealth {Stlth+}
MPRegen  0.12/turn              n - +3 ring of intelligence

@: slow
A: very small, no armour, no weapons or thrown items, stealth, claws 1, fangs 3,
see invisible, carnivore, speed 1, shaggy fur 2, slow metabolism 1, sharp paws
a: Bend Time, Renounce Religion


You were on level 5 of the Dungeon.
You worshipped Cheibriados.
Cheibriados was noncommittal.
You were not hungry.

You visited 2 branches of the dungeon, and saw 6 of its levels.

You collected 264 gold pieces.
You spent 257 gold pieces at shops.

Inventory:

Jewellery
 n - a +3 ring of intelligence (right paw)
 v - a ring of stealth (left paw) {Stlth+}
 S - an uncursed ring of see invisible
Wands
 r - a wand of paralysis (10)
Scrolls
 a - a scroll of blinking {unknown}
 f - 3 scrolls of remove curse
 h - a scroll of magic mapping {unknown}
 l - a scroll of immolation {unknown}
 m - a scroll of random uselessness {unknown}
 o - a scroll of noise {unknown}
 t - a scroll of teleportation
 u - a scroll of enchant armour {unknown}
Potions
 c - 2 potions of magic
 d - a potion of berserk rage {!q}
 e - a potion of haste {unknown}
 g - 2 potions of flight
 j - a potion of might
 k - a potion of agility
 p - a potion of invisibility {unknown}
 q - 2 potions of heal wounds
 s - a potion of curing
Comestibles
 b - 5 rations


   Skills:
 - Level 1.2 Fighting
 - Level 3.3 Dodging
 - Level 8.5 Stealth
 - Level 5.2 Unarmed Combat
 + Level 2.4 Spellcasting
 - Level 4.4 Hexes
 + Level 1.1 Ice Magic


You had 3 spell levels left.
You knew the following spells:

 Your Spells              Type           Power        Failure   Level  Hunger
a - Ensorcelled Hibernat  Hex/Ice        ##....       7%          2    ##.....
c - Confuse               Hex            ###.....     7%          3    ###....
v - Corona                Hex            ###....      2%          1    None

Your spell library contained the following spells:

 Spells                   Type           Power        Failure   Level  Hunger
 Tukima's Dance           Hex            ###.....     7%          3    ###....
 Summon Small Mammal      Summ           #...         14%         1    None
 Dazzling Spray           Conj/Hex       ##....       17%         3    ###....
 Summon Guardian Golem    Hex/Summ       ##......     17%         3    ###....
 Call Imp                 Summ           #.......     22%         2    ##.....
 Call Canine Familiar     Summ           #.......     38%         3    ###....
 Summon Ice Beast         Ice/Summ       #.......     75%         4    ####...
 Summon Lightning Spire   Summ/Air       #.......     80%         4    ####...


Dungeon Overview and Level Annotations

Branches:
Dungeon (5/15)             Temple (1/1) D:4

Altars:
Ashenzari
Cheibriados
Elyvilon
Fedhas
Gozag
Kikubaaqudgha
Makhleb
Nemelex Xobeh
Okawaru
Vehumet
Wu Jian
Yredelemnul

Shops:
D:5 =*![[

Annotations:
D:3 exclusion: Grinder, Grinder
D:4 1 runed translucent door, grizmgrazm2's ghost, novice GnAM


Innate Abilities, Weirdness & Mutations

You cannot wear armour.
You are incapable of wielding weapons or throwing items.
Your paws allow you to move quietly. (Stealth)
You have sharp claws.
You have razor-sharp teeth.
You have supernaturally acute eyesight. (SInv)
You are carnivorous and can eat meat at any time.
You cover ground quickly.
You are covered in thick fur. (AC +2)
You have a slow metabolism.
Your sharp claws are effective at attacking unaware monsters.


Message History

Okay, then.
Unknown command.
Okay, then.
Okay, then.
As you read the scroll of teleportation, it crumbles to dust.
You feel strangely unstable.
The centaur shoots an arrow.
The arrow completely misses you.
Unknown command.
Aim: a centaur, wielding a +0 shortbow (chance to defeat MR: 45%)
The centaur resists with some effort.
The centaur shoots an arrow.
The arrow hits you.
* * * LOW HITPOINT WARNING * * *
You take 3 damage, and have 8/25 hp.
You now have 8/10 mp.
Aim: a centaur, wielding a +0 shortbow (chance to defeat MR: 50%)
Okay, then.
Your surroundings seem slightly different.
The centaur shoots an arrow.
The arrow hits you.
* * * LOW HITPOINT WARNING * * *
The centaur shoots an arrow.
The arrow hits you.
You die...

#. ##.## ..###...##.#
##..#. ###.#..(..>...##....
### .....#...##..#≈≈≈.#...
#........#..≈≈≈≈≈#.#
###.%.........≈≈∩....#
#.##..%.......#..≈≈≈≈≈#.#
..........@...#...≈≈≈.#.###
#####
..##.#.....................
#...
c........##'###.......#.###
...
..#.......'∩'.#..c.$##⌠.⌠..
#.#
..##>#...Z#'#§#......#.∩.#.
#.####..##
###.....(...###(#⌠.⌠#
.....(..# #.........∩#
#(....# #..####.#
##..(....#(###.#####
#..####.# ##.....##.....#


You could see a centaur.

Levels and vault maps discovered:
D:1:      mrwooster_arrival_statue_3, layout_basic, chequers_mini_garden,
          minmay_split_cup_large
D:2:      layout_loops_ring, chequers_ecumenical_altar_grove,
          minmay_pentomino_u2
D:3:      layout_basic, yredelemnul_forgotten_temple_becter, ashenzari_altar_1,
          uniq_grinder
D:4:      layout_loops_corners, kennysheep_mini_moat, temple_pool_b,
          ebering_ghost_sewer_d, minmay_tree_intersection,
          minmay_misc_feat_hallway
D:5:      layout_loops_ring, nicolae_ru_the_path_less_chosen,
          kennysheep_little_box, serial_shops, shop, nicolae_shop_behind_doors,
          shop, shop_fountains, nicolae_shop_waterfront, first_ration,
          grunt_decor_resistance
Temple:   jpeg_temple_island

Notes
Turn   | Place    | Note
-------+----------+-------------------------------------------
     0 | D:1      | Redear the Felid Enchanter began the quest for the Orb.
     0 | D:1      | Reached XP level 1. HP: 7/7 MP: 4/4
    35 | D:1      | Identified a +0 club
    95 | D:1      | Identified a +0 short sword
   403 | D:1      | HP: 1/7 [giant cockroach (2)]
   710 | D:1      | Identified a +0 dagger
   737 | D:1      | Identified a +0 club
   745 | D:1      | Reached XP level 2. HP: 7/11 MP: 1/6
   803 | D:1      | Learned a level 2 spell: Ensorcelled Hibernation
   936 | D:1      | Reached skill level 2 in Unarmed Combat
  1038 | D:1      | Identified a +0 club
  1178 | D:2      | Reached skill level 5 in Stealth
  1335 | D:2      | Identified a +0 club
  1342 | D:2      | Reached XP level 3. HP: 12/14 MP: 4/7
  1806 | D:2      | Identified 2 potions of curing
  1886 | D:2      | Identified a +0 club
  1932 | D:2      | Reached XP level 4. HP: 16/18 MP: 8/8
  1935 | D:2      | Identified a +0 club
  2042 | D:2      | Identified a ring of see invisible (You found it on level 1
                  | of the Dungeon)
  2043 | D:2      | Identified a ring of intelligence (You found it on level 2
                  | of the Dungeon)
  2167 | D:2      | Found a faded altar of an unknown god.
  2448 | D:3      | Found a shattered altar of Ashenzari.
  2522 | D:3      | Identified a +0 morningstar
  2522 | D:3      | Identified a +0 scale mail
  2523 | D:3      | Identified a +0 dagger
  2523 | D:3      | Identified a +0 robe
  2523 | D:3      | Identified a +0 mace
  2523 | D:3      | Identified a +0 ring mail
  2523 | D:3      | Identified a +0 whip
  2524 | D:3      | Identified a +0 club
  2545 | D:3      | Reached skill level 3 in Unarmed Combat
  2573 | D:3      | HP: 1/18 [orc/+0 morningstar (10)]
  2595 | D:3      | Identified 5 scrolls of identify
  2595 | D:3      | Identified 3 scrolls of remove curse
  2596 | D:3      | Identified 2 potions of might
  2597 | D:3      | Identified 2 potions of flight
  2598 | D:3      | Identified 2 potions of agility
  2599 | D:3      | Identified a scroll of teleportation
  2613 | D:3      | HP: 4/18 [orc wizard/+0 dagger (3)]
  2615 | D:3      | Reached skill level 6 in Stealth
  3069 | D:3      | Identified a cursed -2 club
  3100 | D:3      | Identified a +0 club
  3141 | D:3      | Reached XP level 5. HP: 19/21 MP: 9/9
  3150 | D:3      | Noticed Grinder
  3313 | D:3      | Identified a +0 club
  3345 | D:3      | Found a basalt altar of Yredelemnul.
  3991 | D:4      | Learned a level 3 spell: Confuse
  4116 | D:4      | Found a runed translucent door.
  4122 | D:4      | Noticed grizmgrazm2's ghost (novice GnAM)
  4261 | D:4      | Reached skill level 7 in Stealth
  4261 | D:4      | Reached skill level 4 in Unarmed Combat
  4532 | D:4      | Gained mutation: You are covered in thick fur. (AC +2)
                  | [Felid growth]
  4532 | D:4      | Reached XP level 6. HP: 24/24 MP: 10/10
  4536 | D:4      | Found a staircase to the Ecumenical Temple.
  4581 | Temple   | Entered the Ecumenical Temple
  4960 | D:4      | Found a snail-covered altar of Cheibriados.
  4963 | D:4      | Became a worshipper of Cheibriados the Contemplative
  5135 | D:5      | Entered Level 5 of the Dungeon
  5135 | D:5      | Found Padghumm's Jewellery Shoppe.
  5147 | D:5      | Bought an uncursed ring of stealth for 192 gold pieces
  5211 | D:5      | Found Hurree Coyk's Distillery.
  5211 | D:5      | Found Huugij's Antique Armour Shoppe.
  5216 | D:5      | Bought a potion of berserk rage for 65 gold pieces
  5220 | D:5      | Noticed an ice beast
  5224 | D:5      | Found Kihif's Armour Emporium.
  5224 | D:5      | Identified a +2 dagger of venom
  5224 | D:5      | Identified a +0 shortbow
  5240 | D:5      | HP: 5/24 [ice beast (5)]
  5483 | D:5      | Identified a +0 giant spiked club
  5523 | D:5      | Identified a +0 club
  5523 | D:5      | Identified a +0 leather armour
  5540 | D:5      | Reached skill level 8 in Stealth
  5551 | D:5      | Identified a +0 shortbow
  5552 | D:5      | Shot with an arrow by a centaur
  5553 | D:5      | Reached XP level 5. HP: -4/21 MP: 7/9
  5560 | D:5      | Reached skill level 5 in Unarmed Combat
  5561 | D:5      | Identified 3 potions of heal wounds
  5562 | D:5      | Identified 2 potions of magic
  5640 | D:5      | Was placed under penance by Cheibriados
  5646 | D:5      | Killed an ice beast
  5646 | D:5      | Reached skill level 3 in Dodging
  5646 | D:5      | Reached XP level 6. HP: 25/25 MP: 2/10
  5694 | D:5      | Identified a +0 quarterstaff
  5695 | D:5      | Found Zaett's Assorted Antiques.
  5696 | D:5      | Identified a +0 mace
  5696 | D:5      | Identified a +0 chain mail
  5701 | D:5      | Identified a +0 scale mail
  5701 | D:5      | Identified a cursed -2 dagger
  5701 | D:5      | Identified a +0 robe
  5701 | D:5      | Identified a +0 ring mail
  5718 | D:5      | Reached skill level 1 in Fighting
  5842 | D:5      | Was forgiven by Cheibriados
  5842 | D:5      | Reached skill level 1 in Ice Magic
  5957 | D:5      | Identified a +0 club
  5960 | D:5      | HP: 2/25 [centaur/arrow (6)]
  5960 | D:5      | Shot with an arrow by a centaur

Table legend:
 A = Turns spent in this place as a percentage of turns spent in the entire game.
 B = Non-inter-level travel turns spent in this place as a percentage of non-inter-level travel turns spent in the entire game.
 C = Inter-level travel turns spent in this place as a percentage of turns spent in this place.
 D = Turns resting spent in this place as a percentage of non-inter-level travel turns spent in this place.
 E = Turns spent auto-exploring this place as a percentage of non-inter-level travel turns spent in this place.
 F = Non-inter-level travel turns spent in this place divided by the number of levels of this place that you've seen.
                   A       B       C       D       E      F
               +-------+-------+-------+-------+-------+----------------------
         Total | 100.0 | 100.0 |   4.7 |  18.2 |  47.1 | 947.0
       Dungeon |  95.8 |  95.6 |   4.9 |  19.0 |  46.4 | 1086.6
        Temple |   4.2 |   4.4 |   0.0 |   0.0 |  61.8 | 249.0
               +-------+-------+-------+-------+-------+----------------------

Table legend:
 A = Kills in this place as a percentage of kills in entire the game.
 B = Kills by you in this place as a percentage of kills by you in the entire game.
 C = Kills by friends in this place as a percentage of kills by friends in the entire game.
 D = Other kills in this place as a percentage of other kills in the entire game.
 E = Experience gained in this place as a percentage of experience gained in the entire game.
 F = Experience gained in this place divided by the number of levels of this place that you have seen.
                   A       B       C       D       E      F
               +-------+-------+-------+-------+-------+----------------------
         Total | 100.0 | 100.0 |   N/A |   N/A | 100.0 | 165.0
       Dungeon | 100.0 | 100.0 |   N/A |   N/A | 100.0 | 198.0
               +-------+-------+-------+-------+-------+----------------------

Skill      XL: |  1  2  3  4  5  6 |
---------------+-------------------+-----
Unarmed Combat | 2 3 5 |  5.2
Stealth        | 5 6 7 8 |  8.5
Dodging        | 3 |  3.3
Fighting       | 1 |  1.2
Ice Magic      | 1 |  1.1
Spellcasting   | |  2.4
Hexes          | |  4.4

Action                   |  1- 3 |  4- 6 || total
-------------------------+-------+-------++-------
Melee: Unarmed           |    80 |   115 ||   195
       Bite              |     6 |    11 ||    17
       Punch             |       |     1 ||     1
 Cast: Corona            |    16 |     1 ||    17
       Ensorcelled Hiber |    21 |    43 ||    64
       Confuse           |       |     8 ||     8
  Use: Potion            |     1 |     5 ||     6
       Scroll            |       |     8 ||     8
 Stab: Sleeping          |    16 |    34 ||    50
       Distracted        |       |     1 ||     1
  Eat: Chunk             |     2 |    11 ||    13
Armor: Skin              |     4 |     5 ||     9
Dodge: Dodged            |    66 |    92 ||   158

Vanquished Creatures
  An ice beast (D:5)
  An ogre (D:5)
  A centaur (D:5)
  A howler monkey (D:5)
  A hound (D:5)
  A centaur skeleton (D:4)
  2 iguanas (D:4)
  2 orc wizards
  2 worker ants
  9 adders
  A howler monkey skeleton (D:5)
  4 worms
  2 dart slugs
  A leopard gecko (D:3)
  8 orcs
  3 ball pythons (D:1)
  5 giant cockroaches
  4 goblins
  11 hobgoblins
  5 jackals
  5 frilled lizards
  2 kobolds (D:1)
  A quokka skeleton (D:5)
  9 rats
  A spectral orc (D:3)
83 creatures vanquished.

Vanquished Creatures (others)
  A plant (D:5)
1 creature vanquished.

Grand Total: 84 creatures vanquished
